 Dungeon Crawl Stone Soup version 0.26-a0-771-g060e6a62af (webtiles) character file.

Game seed: 3146743356054467207

4625 Queen the Carver (level 10, -14/91 HPs)
             Began as a Black Draconian Fighter on Nov 8, 2020.
             Was a Believer of Okawaru.
             Demolished by an orc knight
             ... wielding a +0 battleaxe
              (30 damage)
             ... in a bailey.
             The game lasted 00:32:34 (10535 turns).

Queen the Carver (Black Draconian Fighter)         Turns: 10535, Time: 00:32:34

Health: -14/91     AC:  8    Str: 21    XL:     10   Next: 19%
Magic:  10/10      EV: 15    Int:  8    God:    Okawaru [**....]
Gold:   445        SH:  0    Dex: 12    Spells: 9/9 levels left

rFire    + . .     SeeInvis .   b - +0 great sword
rCold    . . .     Faith    .   (shield currently unavailable)
rNeg     . . .     Spirit   .   (armour unavailable)
rPois    .         Reflect  .   (helmet restricted)
rElec    +         Harm     .   e - +0 cloak
rCorr    +         Rampage  .   (no gloves)
MR       .....                  (no boots)
Stlth    +.........             (no amulet)
HPRegen  0.25/turn              w - ring of protection from fire
MPRegen  0.12/turn              v - ring of resist corrosion

@: mighty, short of breath
A: breathe lightning, unfitting armour, hooves 1, deterioration 1, electricity
resistance, cold-blooded, subdued magic 1, AC +7
a: Breathe Lightning, Heroism, Renounce Religion


You were in a bailey.
You worshipped Okawaru.
Okawaru was pleased with you.
You visited 1 branch of the dungeon, and saw 8 of its levels.
You also visited: Ossuary and Bailey.

You collected 445 gold pieces.

Inventory:

Hand Weapons
 a - a +0 long sword
 b - a +0 great sword (weapon)
Missiles
 z - 113 stones (quivered)
Armour
 e - a +0 cloak (worn)
 o - a +0 tower shield
 C - a +0 kite shield
Jewellery
 d - an uncursed amulet of guardian spirit
 v - a ring of resist corrosion (right hand)
 w - a ring of protection from fire (left hand)
 D - an uncursed ring of stealth
Wands
 x - a wand of digging (2)
 y - a wand of acid (13)
 A - a wand of random effects (20)
 E - a wand of disintegration (9)
 F - a wand of flame (40)
 I - a wand of iceblast (12)
Scrolls
 h - 4 scrolls of remove curse
 i - 3 scrolls of random uselessness {unknown}
 j - 8 scrolls of teleportation
 k - 4 scrolls of enchant weapon {unknown}
 l - 3 scrolls of fear {unknown}
 m - a scroll of blinking {unknown}
 n - 2 scrolls of enchant armour {unknown}
 u - 2 scrolls of immolation {unknown}
 G - a scroll of fog {unknown}
 H - a scroll of torment {unknown}
Potions
 c - a potion of might
 f - 3 potions of ambrosia
 g - a potion of haste
 p - 5 potions of lignification
 q - 2 potions of curing
 r - 2 potions of magic
 s - 3 potions of heal wounds
 t - a potion of cancellation
 B - 2 potions of attraction
 J - a potion of resistance {unknown}


   Skills:
 + Level 9.5 Fighting
 * Level 11.1 Long Blades
 + Level 6.0 Dodging
 - Level 3.0 Shields


You had 9 spell levels left.
You didn't know any spells.
Your spell library contained the following spells:

 Spells                   Type           Power        Failure   Level
 Animate Skeleton         Necr           #.....       36%         1
 Apportation              Tloc           #.....       36%         1
 Corona                   Hex            #......      36%         1
 Magic Dart               Conj           #...         36%         1
 Summon Small Mammal      Summ           #...         36%         1
 Blink                    Tloc           N/A          50%         2
 Call Imp                 Summ           #.......     50%         2
 Slow                     Hex            #.......     50%         2
 Conjure Flame            Conj/Fire      #.......     75%         3
 Mephitic Cloud           Conj/Pois/Air  #.......     75%         3


Dungeon Overview and Level Annotations

Branches:
Dungeon (8/15)             Temple (0/1) D:7         Ossuary (visited)
 Bailey (1/1)
   Lair: D:8-11

Altars:
Ashenzari
Cheibriados
Fedhas
Gozag
Nemelex Xobeh
Okawaru
Qazlal
Ru
Vehumet
Wu Jian
Xom

Annotations:
D:3 exclusion: oklob plant
D:5 3 runed translucent doors, anet's ghost, novice DECj


Innate Abilities, Weirdness & Mutations

You can breathe wild blasts of lightning.
Your glossy black scales are hard. (AC +7)
You cannot fit into any form of body armour.
You are resistant to electric shocks. (rElec)
You are cold-blooded and may be slowed by cold attacks.
You have large cloven feet.
Your body sometimes deteriorates upon taking damage.
Your spells are a little easier to cast, but a little less powerful.


Message History

You barely miss the orc knight. Your kick misses the orc knight.
The orc knight is moderately wounded.
The orc knight hits you with a +0 battleaxe!
* * * LOW HITPOINT WARNING * * *
The goblin barely misses you.
You riposte.
You slash the goblin!
You kill the goblin!
Okawaru accepts your kill.
You slash the orc knight!
You kick the orc knight, but do no damage.
The orc knight is severely wounded.
The orc knight barely misses you.
You hit the orc knight. You kick the orc knight.
Your tail-slap misses the orc knight.
The orc knight is severely wounded.
The orc knight hits you with a +0 battleaxe!
* * * LOW HITPOINT WARNING * * *
You hit the orc knight.
The orc knight is almost dead.
The orc knight hits you with a +0 battleaxe!!
You die...

## ♣♣♣ #'#.## ♣♣.♣♣♣
###.....###♣♣♣....♣
##.........##......♣♣♣
#...........#........♣
#...........'.......♣♣
#.....⌠.....'..∩.∩...♣
#...........g).)...).♣
#...........#o@.....♣♣
###.........##.......♣
##.###.)...###♣♣.....♣♣
.....#)#.### ♣♣.♣♣♣♣
......)### ♣♣♣
........# ........#
))⌠.....# ........#


You could see an orc knight and a hobgoblin.

Vanquished Creatures
  An orc knight (Bailey)
  Sigmund (D:2)
  Eustachio (D:5)
  Menkaure (Ossuary)
  A water moccasin (D:6)
  An ice beast (D:5)
  6 orc warriors
  4 ogres
  A sky beast (D:7)
  A necrophage (D:6)
  A centaur (D:7)
  5 bullfrogs
  A gnoll sergeant (D:6)
  A water moccasin skeleton (D:7)
  2 scorpions
  3 wights (D:7)
  3 howler monkeys
  6 hounds
  A quasit (D:6)
  2 bullfrog zombies (D:5)
  Crazy Yiuf (D:6)
  3 jellies
  A centaur skeleton (D:7)
  6 orc priests
  7 orc wizards
  Ijyb (D:5)
  Jessica (D:2)
  3 bullfrog skeletons
  Terence (D:3)
  3 iguanas
  4 worker ants
  3 hound skeletons
  3 mummies (Ossuary)
  A howler monkey zombie (D:6)
  A worker ant zombie (D:8)
  13 gnolls
  2 howler monkey skeletons
  5 adders
  A white imp (D:7)
  7 ufetubi
  An ooze (D:4)
  2 adder skeletons
  A worm (D:2)
  3 dart slugs
  7 leopard geckos
  31 orcs
  3 giant cockroaches
  4 gnoll zombies (Ossuary)
  18 goblins
  15 hobgoblins
  6 jackals
  5 quokkas
  2 ball pythons
  8 bats
  7 frilled lizards
  5 gnoll skeletons (Ossuary)
  A goblin skeleton (Ossuary)
  5 goblin zombies
  6 hobgoblin skeletons (Ossuary)
  4 hobgoblin zombies (Ossuary)
  8 kobolds
  2 kobold skeletons (Ossuary)
  7 kobold zombies (Ossuary)
  4 orc skeletons (Ossuary)
  3 orc zombies (Ossuary)
  2 quokka skeletons
  5 rats
  4 rat skeletons (Ossuary)
  4 rat zombies
283 creatures vanquished.

Vanquished Creatures (others)
  A hobgoblin skeleton (Ossuary)
  An orc skeleton (Ossuary)
  A rat skeleton (Ossuary)
3 creatures vanquished.

Grand Total: 286 creatures vanquished

Notes
Turn   | Place    | Note
-------+----------+-------------------------------------------
     0 | D:1      | Queen the Draconian Fighter began the quest for the Orb.
     0 | D:1      | Reached XP level 1. HP: 19/19 MP: 1/1
   177 | D:1      | Reached XP level 2. HP: 26/26 MP: 2/2
   525 | D:1      | Reached XP level 3. HP: 29/33 MP: 3/3
   711 | D:1      | Reached skill level 3 in Long Blades
   979 | D:2      | Found a stormy altar of Qazlal.
  1305 | D:2      | Found a sacrificial altar of Ru.
  1335 | D:2      | Noticed Jessica
  1340 | D:2      | Killed Jessica
  1340 | D:2      | Reached XP level 4. HP: 41/41 MP: 4/4
  1530 | D:2      | Noticed Sigmund
  1655 | D:3      | Found a shimmering altar of Xom.
  1717 | D:3      | Reached skill level 5 in Fighting
  1717 | D:3      | Reached skill level 4 in Long Blades
  1717 | D:3      | Reached XP level 5. HP: 34/48 MP: 5/5
  2004 | D:3      | Noticed Terence
  2014 | D:3      | Killed Terence
  2239 | D:2      | Killed Sigmund
  2239 | D:2      | Reached skill level 5 in Long Blades
  2239 | D:2      | Reached XP level 6. HP: 28/56 MP: 6/6
  2670 | D:3      | Found a blossoming altar of Fedhas.
  2689 | D:3      | Noticed an oklob plant
  2982 | D:4      | Reached skill level 6 in Long Blades
  3018 | D:4      | Found a sand-covered staircase.
  3025 | Ossuary  | Entered an ossuary
  3162 | Ossuary  | Your scales start taking on a glossy black colour.
  3162 | Ossuary  | Reached XP level 7. HP: 62/63 MP: 7/7
  3162 | Ossuary  | Gained mutation: You are resistant to electric shocks.
                  | (rElec) [Black Draconian growth]
  3597 | Ossuary  | Noticed Menkaure
  3606 | Ossuary  | HP: 2/63 [Menkaure/nerve-wracking pain (13)]
  3608 | Ossuary  | Gained mutation: Your spells are a little easier to cast,
                  | but a little less powerful. [potion of mutation]
  3608 | Ossuary  | Gained mutation: Your body sometimes deteriorates upon
                  | taking damage. [potion of mutation]
  3608 | Ossuary  | Gained mutation: You have large cloven feet. [potion of
                  | mutation]
  3616 | Ossuary  | Killed Menkaure
  3993 | D:4      | Reached skill level 7 in Long Blades
  4123 | D:4      | Found a snail-covered altar of Cheibriados.
  4410 | D:4      | Found an ornate altar of the Wu Jian Council.
  4483 | D:4      | Found a radiant altar of Vehumet.
  4642 | D:5      | Entered Level 5 of the Dungeon
  4697 | D:5      | Reached XP level 8. HP: 49/73 MP: 8/8
  4807 | D:5      | Noticed Ijyb
  4840 | D:5      | Killed Ijyb
  5113 | D:5      | Reached skill level 8 in Long Blades
  5310 | D:5      | Found a runed translucent gate.
  5311 | D:5      | Found a runed translucent gate.
  5312 | D:5      | Found a runed translucent gate.
  5313 | D:5      | Found an opulent altar of Gozag.
  5314 | D:5      | Noticed anet's ghost (novice DECj)
  5331 | D:5      | Found a blossoming altar of Fedhas.
  5739 | D:5      | Noticed Eustachio
  5771 | D:5      | Killed Eustachio
  5785 | D:5      | Found an iron altar of Okawaru.
  5983 | D:5      | Became a worshipper of Warmaster Okawaru
  6210 | D:6      | Found a sparkling altar of Nemelex Xobeh.
  6931 | D:6      | Reached skill level 9 in Long Blades
  7217 | D:6      | Reached * piety under Okawaru
  7217 | D:6      | Reached XP level 9. HP: 81/81 MP: 9/9
  7670 | D:6      | Found a broken altar of Ashenzari.
  7839 | D:6      | Found a runed translucent door.
  7840 | D:6      | Noticed Crazy Yiuf
  7882 | D:6      | Found a sacrificial altar of Ru.
  7928 | D:6      | Killed Crazy Yiuf
  8543 | D:7      | Reached skill level 10 in Long Blades
  8543 | D:7      | Reached skill level 5 in Dodging
  9301 | D:7      | Reached ** piety under Okawaru
  9369 | D:7      | Found a staircase to the Ecumenical Temple.
 10151 | D:8      | Found a flagged portal.
 10159 | Bailey   | Entered a bailey
 10177 | Bailey   | Reached XP level 10. HP: 91/91 MP: 10/10
 10373 | Bailey   | Noticed an orc knight
 10395 | Bailey   | Killed an orc knight
 10395 | Bailey   | Reached skill level 11 in Long Blades
 10523 | Bailey   | Noticed an orc knight
 10535 | Bailey   | Demolished by an orc knight

Illustrated notes

Levels and vault maps discovered:
D:1:      evilmike_arrival_plus, layout_basic
D:2:      layout_basic, lemuel_crystal_altar, old_standard_altar, uniq_sigmund,
          uniq_jessica
D:3:      layout_basic, xom_teletrap_fun, tgw_fedhas, uniq_terence
D:4:      layout_loops_ring, kennysheep_slug_shrine, lemuel_round_altar,
          kennysheep_mini, enter_ossuary_4, chequers_jeans
D:5:      layout_loops_cross, okawaru_altar_gauntlet_db, basic_altar,
          ebering_ghost_gozag, uniq_eustachio, uniq_ijyb
D:6:      minmay_octagon_keep, layout_basic, overflow_temple_1_default,
          nicolae_overflow_crystal_walls, nicolae_ru_awakened_eye,
          uniq_crazy_yiuf_cottage
D:7:      layout_loops_ring, minmay_temple_entry_offerings, grunt_ministairs_10
D:8:      layout_gridville, serial_shops, shop, enter_bailey_2,
          minmay_misc_feat_enclosed, skrybe_limestone_x,
          grunt_decor_mini_mirrors
Bailey:   bailey_axe_minmay_hex_keep, bailey

Skill      XL: |  1  2  3  4  5  6  7  8  9 10 |
---------------+-------------------------------+-----
Fighting       | 4 5 6 7 8 9 |  9.5
Long Blades    | 3 4 5 6 7 9 10 11 | 11.1
Dodging        | 4 5 6 |  6.0
Shields        | |  3.0

Action                   |  1- 3 |  4- 6 |  7- 9 | 10-12 || total
-------------------------+-------+-------+-------+-------++-------
Melee: Long sword        |   117 |   166 |   382 |       ||   665
       Tailslap          |     8 |    27 |    63 |    11 ||   109
       Kick              |       |       |   132 |    23 ||   155
       Great sword       |       |       |    95 |    72 ||   167
 Abil: Breathe Lightning |       |       |     7 |     2 ||     9
  Use: Potion            |       |       |     7 |     1 ||     8
       Scroll            |       |       |     8 |       ||     8
 Stab: Sleeping          |       |     1 |       |       ||     1
       Distracted        |       |       |     1 |       ||     1
Armor: Skin              |    38 |    37 |   124 |     7 ||   206
Dodge: Dodged            |    52 |    62 |   252 |    27 ||   393
Block: Kite shield       |    47 |    66 |   168 |       ||   281
       Tower shield      |       |       |    14 |       ||    14
       Rpst.: Long sword |    18 |    14 |    48 |       ||    80
       Great sword       |       |       |    24 |     7 ||    31

Table legend: (Time is in decaauts)
 A = Elapsed time spent in this place.
 B = Non-inter-level travel time spent in this place.
 C = Inter-level travel time spent in this place.
 D = Time resting spent in this place.
 E = Time spent auto-exploring this place.
 F = Levels seen in this place.
 G = Mean time per level.
                   A        B        C        D        E       F      G
               +--------+--------+--------+--------+--------+-----+--------+
         Total |  10673 |  10406 |    267 |   3919 |   3994 |  10 | 1067.3 |
       Dungeon |   9380 |   9113 |    267 |   3230 |   3977 |   8 | 1172.5 |
       Ossuary |    906 |    906 |      0 |    501 |     17 |   1 |  906.0 |
        Bailey |    387 |    387 |      0 |    188 |      0 |   1 |  387.0 |
               +--------+--------+--------+--------+--------+-----+--------+

Top non-repeatable levels by time:
     D:6: 2342 daAuts
     D:5: 1747 daAuts
     D:7: 1108 daAuts
     D:2: 1064 daAuts
     D:1: 990 daAuts
     D:3: 960 daAuts
 Ossuary: 906 daAuts
     D:4: 808 daAuts
  Bailey: 387 daAuts
     D:8: 359 daAuts
